 Dungeon Crawl Stone Soup version 0.17-a0-931-g11a8995 (webtiles) character file.

880 FedoraBrony69 the Magician (level 7, 0/36 HPs)
             Began as a Deep Elf Conjurer on May 5, 2015.
             Was a Follower of Kikubaaqudgha.
             Slain by an orc warrior
             ... wielding a +0 dire flail
              (21 damage)
             ... on level 5 of the Dungeon.
             The game lasted 00:16:08 (4683 turns).

FedoraBrony69 the Magician (Deep Elf Conjurer)      Turns: 4683, Time: 00:16:08

Health: 0/36       AC:  7    Str:  5    XL:     7   Next: 75%
Magic:  3/19       EV: 12    Int: 22    God:    Kikubaaqudgha [*.....]
Gold:   148        SH:  3    Dex: 15    Spells: 4 memorised, 8 levels left

rFire  . . .     SeeInvis .     j - +0 dagger (flame)
rCold  . . .     Clarity  .     a - +0 robe
rNeg   . . .     SustAb   .     m - +0 buckler {AC+3}
rPois  .         Gourm    .     (no helmet)
rElec  .         Spirit   .     (no cloak)
rCorr  .         Warding  .     (no gloves)
rMut   .         Stasis   .     (no boots)
MR     .....                    (no amulet)
Stlth  ++........               s - +2 ring of protection
                                (no ring)

@: very slightly contaminated, not resistant to hostile enchantments, unstealthy
A: no striking features
a: Receive Corpses, Renounce Religion


You were on level 5 of the Dungeon.
You worshipped Kikubaaqudgha.
Kikubaaqudgha was aware of your devotion.
You were very hungry.

You visited 2 branches of the dungeon, and saw 6 of its levels.

You collected 220 gold pieces.
You spent 72 gold pieces at shops.

Inventory:

Hand weapons
 j - a +0 dagger of flaming (weapon)
Armour
 a - a +0 robe (worn)
 m - a +0 buckler of protection (worn)
Jewellery
 s - a +2 ring of protection (right hand)
Scrolls
 d - a scroll of immolation
 e - 2 scrolls of fear
 f - 2 scrolls of fog
 k - 2 scrolls of remove curse
 p - a scroll of random uselessness
 q - 3 scrolls of teleportation
 r - 2 scrolls of blinking
 v - a scroll of recharging
 w - 2 scrolls of identify
Potions
 g - 3 potions of brilliance
 n - a potion of lignification
 t - a potion of cancellation {unknown}
 u - a potion of flight
Books
 b - a book of Conjurations

   Spells                             Type                      Level
   a - Magic Dart                     Conjuration                  1
   b - Searing Ray                    Conjuration                  2
   c - Dazzling Spray                 Conjuration/Hexes            3
   d - Fulminant Prism                Conjuration/Hexes            4
   e - Iskenderun's Mystic Blast      Conjuration                  4
   f - Iskenderun's Battlesphere      Conjuration/Charms           5
 h - Kikubaaqudgha's Papyrus of Black Rites
   (Kikubaaqudgha gifted it to you on level 4 of the Dungeon)

   Spells                             Type                      Level
   a - Animate Skeleton               Necromancy                   1
   b - Corpse Rot                     Necromancy                   2
   c - Sublimation of Blood           Necromancy                   2
   d - Vampiric Draining              Necromancy                   3
   e - Control Undead                 Necromancy                   4
 i - a book of Geomancy

   Spells                             Type                      Level
   a - Sandblast                      Earth                        1
   b - Stoneskin                      Transmutation/Earth          2
   c - Passwall                       Transmutation/Earth          3
   d - Stone Arrow                    Conjuration/Earth            3
   e - Petrify                        Transmutation/Earth          4
   f - Lee's Rapid Deconstruction     Earth                        5
Comestibles
 c - 2 bread rations
 o - a meat ration


   Skills:
 - Level 2.4 Dodging
 - Level 2.4 Stealth
 + Level 7.4 Spellcasting
 + Level 7.1 Conjurations
 * Level 6.8 Charms


You had 8 spell levels left.
You knew the following spells:

 Your Spells              Type           Power        Failure   Level  Hunger
a - Magic Dart            Conj           ####         1%          1    None
b - Iskenderun's Battles  Conj/Chrm      #####...     24%         5    #####..
c - Iskenderun's Mystic   Conj           #####...     10%         4    ###....
d - Sublimation of Blood  Necr           #.........   24%         2    None


Dungeon Overview and Level Annotations

Branches:
Dungeon (5/15)             Temple (1/1) D:5

Altars:
Ashenzari
Dithmenos
Elyvilon
Fedhas
Gozag
Kikubaaqudgha
Makhleb
Nemelex Xobeh
Okawaru
Qazlal
Ru
Sif Muna
Trog
Vehumet
Xom
Yredelemnul
Zin
The Shining One

Shops:
D:4 *?:!%


Message History

The orc warrior is heavily wounded.
The orb of energy explodes!
You are feeling very hungry.
You hear a shout!
The orc warrior misses you.
An orc comes into view.
You hit the orc warrior but do no damage.
The orc warrior is heavily wounded.
The orc warrior misses you.
You hit the orc warrior. You burn the orc warrior.
The orc warrior is heavily wounded.
You hit the orc warrior but do no damage.
The orc warrior is heavily wounded.
The orc warrior hits you with a dire flail!
You hit the orc warrior but do no damage.
The orc warrior is heavily wounded.
The orc warrior hits you with a dire flail!!
Ouch! That really hurt!
You die...
Kikubaaqudgha rasps: "You have failed me!
Welcome... death!"

#.. ..# ##### #.# #.#
#...# #.# ... ....# #.#
#...# #o# ##.## #)# #
#.# #.##.###. #.#
#o.......# #.# #@# .#
#.###### #.# . #......#
#.#.# ###.##.# #.#.##
###...#.########....##.#
.......................+
##..........###.......##
#.#..#..##.# #.......#
#.##.#..##.# #.......#


You could see an orc warrior and an orc.

Vanquished Creatures
  3 ogres (D:4)
  4 scorpions
  2 hounds (D:3)
  An orc priest (D:5)
  A crimson imp (D:5)
  An orc wizard (D:5)
  A gnoll shaman (D:4)
  A worker ant (D:4)
  An iguana (D:4)
  3 gnolls
  3 adders
  4 oozes
  2 worms
  2 adder skeletons (D:4)
  14 orcs
  3 ball pythons
  6 bats
  3 giant cockroaches
  10 hobgoblins
  5 jackals
  8 kobolds
  4 giant geckos
  10 giant newts
  9 goblins
  A quokka (D:2)
  6 rats
108 creatures vanquished.

Notes
Turn   | Place    | Note
--------------------------------------------------------------
     0 | D:1      | FedoraBrony69, the Deep Elf Conjurer, began the quest for the Orb.
     0 | D:1      | Reached XP level 1. HP: 10/10 MP: 6/6
   123 | D:1      | Reached XP level 2. HP: 6/15 MP: 2/8
   481 | D:1      | Reached XP level 3. HP: 19/19 MP: 7/10
   754 | D:2      | Found an iron altar of Okawaru.
   789 | D:2      | Reached skill level 5 in Conjurations
  1235 | D:2      | Found a sacrificial altar of Ru.
  1682 | D:3      | Reached XP level 4. HP: 20/24 MP: 8/12
  1855 | D:3      | Found an ancient bone altar of Kikubaaqudgha.
  1880 | D:3      | Found a white marble altar of Elyvilon.
  1902 | D:3      | Became a worshipper of Kikubaaqudgha
  1999 | D:3      | Reached skill level 5 in Spellcasting
  2104 | D:4      | Found Waottas's General Store.
  2114 | D:4      | Reached XP level 5. HP: 24/28 MP: 1/14
  2248 | D:4      | Found Luqajemo's Magic Scroll Shop.
  2257 | D:4      | Reached skill level 6 in Conjurations
  2258 | D:4      | Noticed an ogre
  2280 | D:3      | Learned a level 5 spell: Iskenderun's Battlesphere
  2285 | D:3      | Learned a level 4 spell: Iskenderun's Mystic Blast
  2312 | D:3      | Reached skill level 1 in Charms
  2317 | D:4      | Reached XP level 6. HP: 29/32 MP: 2/17
  2427 | D:4      | Bought a scroll of identify for 24 gold pieces
  2427 | D:4      | Bought a scroll of teleportation for 36 gold pieces
  2447 | D:4      | Found Lapisk's Distillery.
  2448 | D:4      | Found Inurent's Book Emporium.
  2456 | D:4      | Bought a potion of poison for 12 gold pieces
  2487 | D:4      | Noticed an ogre
  2492 | D:4      | Killed an ogre
  2523 | D:4      | Found Idekkeos's Food Shoppe.
  2702 | D:4      | Found a glowing golden altar of the Shining One.
  2872 | D:4      | Found a shimmering altar of Xom.
  2928 | D:4      | Killed an ogre
  3143 | D:4      | Reached XP level 7. HP: 36/36 MP: 15/18
  3187 | D:4      | Reached skill level 5 in Charms
  3494 | D:4      | Found a stormy altar of Qazlal.
  3494 | D:4      | Noticed an ogre
  3498 | D:4      | Killed an ogre
  3498 | D:4      | Reached skill level 7 in Spellcasting
  3703 | D:4      | Acquired Kikubaaqudgha's first power
  3703 | D:4      | Received a gift from Kikubaaqudgha
  3711 | D:4      | Identified Kikubaaqudgha's Papyrus of Black Rites (Kikubaaqudgha gifted it to you on level 4 of the Dungeon)
  3725 | D:4      | Learned a level 2 spell: Sublimation of Blood
  3823 | D:5      | Entered Level 5 of the Dungeon
  3935 | D:5      | Found a staircase to the Ecumenical Temple.
  3945 | Temple   | Entered the Ecumenical Temple
  4683 | D:5      | Slain by an orc warrior

Action                   |  1- 3 |  4- 6 |  7- 9 || total
-------------------------+-------+-------+-------++-------
Melee: Dagger            |     4 |       |     5 ||     9
       Spear             |    23 |       |       ||    23
 Cast: Magic Dart        |   107 |    66 |    48 ||   221
       Iskenderun's Myst |       |    10 |    21 ||    31
  Use: Scroll            |     1 |     1 |     8 ||    10
       Potion            |     2 |       |       ||     2
  Eat: Chunk             |     2 |     4 |     6 ||    12
       Pizza             |       |       |     1 ||     1
